PL
WIZARDING EXPRESS @ BOSTON PATRIOTS
07/30/2026
 
TOP OF THE 1ST
Wizarding Express batting - Pitching for Boston Patriots : RHP Lúcio Sánchez
Pitching: RHP Lúcio Sánchez
Batting: RHB Chi-ju Zhang 0-0: Swinging Strike
0-1: Foul Ball, location: 2F
0-2: Ball
1-2: Foul Ball, location: 2F
1-2: Foul Ball, location: 2F
1-2: Ball
2-2: Foul Ball, location: 2F
2-2: Foul Ball, location: 2F
2-2: Strikes out swinging
Batting: RHB Cole Shaffer 0-0: Ground out 6-3 (Groundball, 6)
Batting: LHB Nathan Tanner 0-0: Ball
1-0: Swinging Strike
1-1: SINGLE (Groundball, 34D)
Batting: LHB Kyung-chor Pang 0-0: Ball
1-0: Swinging Strike
1-1: Ball
2-1: Ball
3-1: SINGLE (Groundball, 4MD)
Nathan Tanner to second
Runner from 2nd tries for 3rd, SAFE, throw made to third
Batting: RHB Ed Whitaker 0-0: Called Strike
0-1: Ball
1-1: Ball
2-1: Foul Ball, location: 2F
2-2: Foul Ball, location: 2F
2-2: Ball
3-2: Foul Ball, location: 2F
3-2: Base on Balls
Kyung-chor Pang to second
Batting: LHB Júlio Valentín 0-0: Called Strike
0-1: SINGLE (Flyball, 8LS)
Nathan Tanner scores
Kyung-chor Pang to third
Ed Whitaker to second
Runner from 3rd tries for Home, SAFE, no throw
Batting: RHB Turner Coleman 0-0: Swinging Strike
0-1: Called Strike
0-2: Strikes out swinging
Top of the 1st over - 2 run(s), 3 hit(s), 0 error(s), 2 left on base; Wizarding 2 - Boston 0
BOTTOM OF THE 1ST
Boston Patriots batting - Pitching for Wizarding Express : LHP Todd Hines
Pitching: LHP Todd Hines
Batting: RHB Tommy Jones 0-0: Ball
1-0: Ball
2-0: Ball
3-0: Called Strike
3-1: Base on Balls
Batting: RHB Miguel Márquez 0-0: Ball
1-0: Called Strike
1-1: Ball
2-1: Ball
3-1: Foul Ball, location: 2F
3-2: Strikes out swinging
Tommy Jones is caught stealing 2nd base
Batter strikes out.
Batting: LHB Ki-tak Im 0-0: Ball
1-0: SINGLE (Line Drive, 4D)
Batting: RHB Brent Ryan 0-0: Ball
1-0: Called Strike
1-1: Ball
2-1: Ball
3-1: Fly out, F9 (Flyball, 89M)
Bottom of the 1st over - 0 run(s), 1 hit(s), 0 error(s), 1 left on base; Wizarding 2 - Boston 0
TOP OF THE 2ND
Wizarding Express batting - Pitching for Boston Patriots : RHP Lúcio Sánchez
Batting: RHB Rafael Arredondo 0-0: Ground out 1-3 (Groundball, 15S)
Batting: RHB Wu Le 0-0: Ball
1-0: Swinging Strike
1-1: Ball
2-1: Foul Ball, location: 2F
2-2: Strikes out looking
Batting: RHB Chi-ju Zhang 0-0: Swinging Strike
0-1: Swinging Strike
0-2: Fly out, F8 (Flyball, 8LM)
Top of the 2nd over - 0 run(s), 0 hit(s), 0 error(s), 0 left on base; Wizarding 2 - Boston 0
BOTTOM OF THE 2ND
Boston Patriots batting - Pitching for Wizarding Express : LHP Todd Hines
Batting: RHB Terry Armstrong 0-0: Called Strike
0-1: Foul Ball, location: 2F
0-2: Ground out 1-3 (Groundball, 13S)
Batting: RHB Karl Schultz 0-0: Ball
1-0: Foul Ball, location: 2F
1-1: Ball
2-1: Foul Ball, location: 2F
2-2: SINGLE (Groundball, 6MD)
Batting: LHB Timmy Appeldoorn 0-0: Ground out U3 (Groundball, 34)
Karl Schultz to second
Batting: LHB Bill Chambers 0-0: Called Strike
0-1: Ball
1-1: Ground out U3 (Groundball, 34)
Bottom of the 2nd over - 0 run(s), 1 hit(s), 0 error(s), 1 left on base; Wizarding 2 - Boston 0
TOP OF THE 3RD
Wizarding Express batting - Pitching for Boston Patriots : RHP Lúcio Sánchez
Batting: RHB Cole Shaffer 0-0: Foul Ball, location: 2F
0-1: Fly out, F8 (Line Drive, 8LXD)
Batting: LHB Nathan Tanner 0-0: Called Strike
0-1: Called Strike
0-2: Fly out, F7 (Flyball, 7LS)
Batting: LHB Kyung-chor Pang 0-0: Fly out, F8 (Flyball, 8LXD)
Top of the 3rd over - 0 run(s), 0 hit(s), 0 error(s), 0 left on base; Wizarding 2 - Boston 0
BOTTOM OF THE 3RD
Boston Patriots batting - Pitching for Wizarding Express : LHP Todd Hines
Batting: LHB Alberto Enríquez 0-0: Called Strike
0-1: Called Strike
0-2: Ball
1-2: Ball
2-2: DOUBLE (Line Drive, 8RD)
Batting: RHB Tommy Jones 0-0: Called Strike
0-1: Swinging Strike
0-2: Strikes out swinging
Batting: RHB Miguel Márquez 0-0: Swinging Strike
0-1: Ball
1-1: Called Strike
1-2: Ball
2-2: Foul Ball, location: 2F
2-2: Strikes out swinging
Batting: LHB Ki-tak Im 0-0: Ball
1-0: Ball
2-0: SINGLE (Line Drive, 8RS)
Alberto Enríquez to third
Runner from 3rd tries for Home, SAFE, no throw
Batting: RHB Brent Ryan 0-0: Ball
1-0: Fly out, F9 (Flyball, 89M)
Bottom of the 3rd over - 1 run(s), 2 hit(s), 0 error(s), 1 left on base; Wizarding 2 - Boston 1
TOP OF THE 4TH
Wizarding Express batting - Pitching for Boston Patriots : RHP Lúcio Sánchez
Batting: RHB Ed Whitaker 0-0: Ball
1-0: Ball
2-0: Foul Ball, location: 2F
2-1: Ball
3-1: Base on Balls
Batting: LHB Júlio Valentín 0-0: Ball
1-0: Ground out 4-3 (Groundball, 3D)
Ed Whitaker to second
Batting: RHB Turner Coleman 0-0: Ground out 6-3 (Groundball, 6)
Batting: RHB Rafael Arredondo 0-0: Foul Ball, location: 2F
0-1: Foul Ball, location: 2F
0-2: Ball
1-2: Ball
2-2: Strikes out swinging
Top of the 4th over - 0 run(s), 0 hit(s), 0 error(s), 1 left on base; Wizarding 2 - Boston 1
BOTTOM OF THE 4TH
Boston Patriots batting - Pitching for Wizarding Express : LHP Todd Hines
Batting: RHB Terry Armstrong 0-0: Ball
1-0: Called Strike
1-1: SINGLE (Flyball, 89S)
Batting: RHB Karl Schultz 0-0: Ball
1-0: Called Strike
1-1: Called Strike
1-2: Strikes out swinging
Batting: LHB Timmy Appeldoorn 0-0: Swinging Strike
0-1: Ball
1-1: Called Strike
1-2: Foul Ball, location: 2F
1-2: Ball
2-2: Strikes out swinging
Batting: LHB Bill Chambers 0-0: Called Strike
0-1: Swinging Strike
0-2: Strikes out swinging
Bottom of the 4th over - 0 run(s), 1 hit(s), 0 error(s), 1 left on base; Wizarding 2 - Boston 1
TOP OF THE 5TH
Wizarding Express batting - Pitching for Boston Patriots : RHP Lúcio Sánchez
Batting: RHB Wu Le 0-0: Called Strike
0-1: Ball
1-1: Foul Ball, location: 2F
1-2: Ground out 5-3 (Groundball, 56)
Batting: RHB Chi-ju Zhang 0-0: Ground out 5-3 (Groundball, 56)
Batting: RHB Cole Shaffer 0-0: Ball
1-0: Foul Ball, location: 2F
1-1: Called Strike
1-2: Ball
2-2: Foul Ball, location: 2F
2-2: Foul Ball, location: 2F
2-2: Ball
3-2: Base on Balls
Pitching: LHP Eugene Clarkston
Batting: LHB Nathan Tanner 0-0: Ball
1-0: Foul Ball, location: 2F
1-1: Ball
2-1: Swinging Strike
2-2: Ball
3-2: Base on Balls
Cole Shaffer to second
Batting: LHB Kyung-chor Pang 0-0: Fielders Choice at 2nd, 4-6 (Groundball, 4)
Top of the 5th over - 0 run(s), 0 hit(s), 0 error(s), 1 left on base; Wizarding 2 - Boston 1
BOTTOM OF THE 5TH
Boston Patriots batting - Pitching for Wizarding Express : LHP Todd Hines
Batting: LHB Alberto Enríquez 0-0: Ball
1-0: Ball
2-0: Ball
3-0: Called Strike
3-1: Called Strike
3-2: Fly out, F8 (Flyball, 8LS)
Batting: RHB Tommy Jones 0-0: Ball
1-0: Ball
2-0: Called Strike
2-1: Swinging Strike
2-2: Ball
3-2: Foul Ball, location: 2F
3-2: Base on Balls
Batting: RHB Miguel Márquez 0-0: Called Strike
Tommy Jones is caught stealing 2nd base
0-1: Ball
1-1: Ball
2-1: Ball
3-1: Foul Ball, location: 2F
3-2: Base on Balls
Batting: LHB Ki-tak Im 0-0: Ball
1-0: Foul Ball, location: 2F
1-1: Fly out, F6 (Popup, 56D)
Bottom of the 5th over - 0 run(s), 0 hit(s), 0 error(s), 1 left on base; Wizarding 2 - Boston 1
TOP OF THE 6TH
Wizarding Express batting - Pitching for Boston Patriots : LHP Eugene Clarkston
Batting: RHB Ed Whitaker 0-0: Ball
1-0: Swinging Strike
1-1: Called Strike
1-2: Fly out, F7 (Flyball, 7)
Batting: LHB Júlio Valentín 0-0: Ball
1-0: Ball
2-0: Called Strike
2-1: DOUBLE (Line Drive, 5D)
Pinch Runner at 2nd Micheal Garren:
Batting: RHB Turner Coleman 0-0: Ball
1-0: Called Strike
1-1: Ball
2-1: Ground out 6-3 (Groundball, 6)
Micheal Garren to third
Batting: RHB Rafael Arredondo 0-0: Called Strike
0-1: Ball
1-1: Foul Ball, location: 2F
1-2: Foul Ball, location: 2F
1-2: Ball
2-2: Ground out 6-3 (Groundball, 6)
Top of the 6th over - 0 run(s), 1 hit(s), 0 error(s), 1 left on base; Wizarding 2 - Boston 1
BOTTOM OF THE 6TH
Boston Patriots batting - Pitching for Wizarding Express : LHP Todd Hines
Now at 1B: Micheal Garren
Batting: RHB Brent Ryan 0-0: Ball
1-0: Foul Ball, location: 2F
1-1: Ball
2-1: SINGLE (Groundball, 56D)
Batting: RHB Terry Armstrong 0-0: Called Strike
0-1: Ball
1-1: Fly out, F9 (Flyball, 9S)
Batting: RHB Karl Schultz 0-0: Fly out, F6 (Line Drive, 6)
Pitching: LHP Ming-jiang Wu
Batting: LHB Timmy Appeldoorn 0-0: Ball
1-0: Called Strike
1-1: SINGLE (Flyball, 9LS)
Brent Ryan to second
Runner from 2nd tries for 3rd, OUT!
Bottom of the 6th over - 0 run(s), 2 hit(s), 0 error(s), 1 left on base; Wizarding 2 - Boston 1
TOP OF THE 7TH
Wizarding Express batting - Pitching for Boston Patriots : LHP Eugene Clarkston
Batting: RHB Wu Le 0-0: Ball
1-0: DOUBLE (Flyball, 8RD)
Batting: RHB Chi-ju Zhang 0-0: Ball
1-0: Ball
2-0: SINGLE (Groundball, 4MD)
Wu Le to third
Runner from 3rd tries for Home, SAFE, throw made home
Chi-ju Zhang to second
Batting: RHB Cole Shaffer 0-0: Swinging Strike
0-1: Ball
1-1: Ball
2-1: Swinging Strike
2-2: Strikes out swinging
Batting: LHB Nathan Tanner 0-0: Intentional Walk
Batting: LHB Kyung-chor Pang 0-0: Grounds into double play, 6-4-3 (Groundball, 6M)
Top of the 7th over - 1 run(s), 2 hit(s), 0 error(s), 1 left on base; Wizarding 3 - Boston 1
BOTTOM OF THE 7TH
Boston Patriots batting - Pitching for Wizarding Express : LHP Ming-jiang Wu
Batting: LHB Bill Chambers 0-0: Called Strike
0-1: Fly out, F6 (Flyball, 56D)
Batting: LHB Alberto Enríquez 0-0: Called Strike
0-1: Foul Ball, location: 2F
0-2: Ball
1-2: Strikes out looking
Batting: RHB Tommy Jones 0-0: Ball
1-0: Ball
2-0: Ball
3-0: Base on Balls
Batting: RHB Miguel Márquez 0-0: Ball
1-0: Called Strike
1-1: Foul Ball, location: 2F
1-2: Ball
2-2: Strikes out looking
Bottom of the 7th over - 0 run(s), 0 hit(s), 0 error(s), 1 left on base; Wizarding 3 - Boston 1
TOP OF THE 8TH
Wizarding Express batting - Pitching for Boston Patriots : LHP Eugene Clarkston
Batting: RHB Ed Whitaker 0-0: Ball
1-0: Ground out 1-3 (Groundball, P)
Batting: LHB Micheal Garren 0-0: Called Strike
0-1: Swinging Strike
0-2: Foul Ball, location: 2F
0-2: Foul Ball, location: 2F
0-2: Ball
1-2: Ball
2-2: Fly out, F7 (Flyball, 7LS)
Batting: RHB Turner Coleman 0-0: Called Strike
0-1: Ball
1-1: Ground out 5-3 (Groundball, 56S)
Top of the 8th over - 0 run(s), 0 hit(s), 0 error(s), 0 left on base; Wizarding 3 - Boston 1
BOTTOM OF THE 8TH
Boston Patriots batting - Pitching for Wizarding Express : LHP Ming-jiang Wu
Batting: LHB Ki-tak Im 0-0: Called Strike
0-1: Ball
1-1: Ball
2-1: Fly out, F9 (Flyball, 89M)
Batting: RHB Brent Ryan 0-0: Foul Ball, location: 2F
0-1: Hit by Pitch
Pitching: RHP Juan Cantú
Batting: RHB Terry Armstrong 0-0: Ball
1-0: Called Strike
1-1: Foul Ball, location: 2F
1-2: Ball
2-2: Fly out, F1 (Line Drive, 13)
Batting: RHB Karl Schultz 0-0: Called Strike
0-1: Ball
1-1: SINGLE (Flyball, 8RS)
Brent Ryan to second
Runner from 2nd tries for 3rd, SAFE, throw made to third
Karl Schultz to second
Batting: LHB Timmy Appeldoorn 0-0: Called Strike
0-1: Ball
1-1: Foul Ball, location: 2F
1-2: Ground out 4-3 (Groundball, 4)
Bottom of the 8th over - 0 run(s), 1 hit(s), 0 error(s), 2 left on base; Wizarding 3 - Boston 1
TOP OF THE 9TH
Wizarding Express batting - Pitching for Boston Patriots : LHP Eugene Clarkston
Batting: RHB Rafael Arredondo 0-0: Ball
1-0: Foul Ball, location: 2F
1-1: Called Strike
1-2: Foul Ball, location: 2F
1-2: Fly out, F8 (Flyball, 8LD)
Batting: RHB Wu Le 0-0: Ground out 6-3 (Groundball, 6)
Batting: RHB Chi-ju Zhang 0-0: Fly out, F3 (Popup, 3S)
Top of the 9th over - 0 run(s), 0 hit(s), 0 error(s), 0 left on base; Wizarding 3 - Boston 1
BOTTOM OF THE 9TH
Boston Patriots batting - Pitching for Wizarding Express : RHP Juan Cantú
Pitching: LHP Dorian Daly
Batting: LHB Bill Chambers 0-0: Called Strike
0-1: Ball
1-1: Ball
2-1: Foul Ball, location: 2F
2-2: Foul Ball, location: 2F
2-2: Foul Ball, location: 2F
2-2: Ball
3-2: SINGLE (Groundball, 6D)
Batting: LHB Alberto Enríquez 0-0: Ball
1-0: Ball
2-0: Ball
3-0: Called Strike
3-1: Base on Balls
Bill Chambers to second
Batting: RHB Tommy Jones 0-0: Ball
1-0: Ball
2-0: Called Strike
2-1: Ground out 5-3 (Groundball, 56S)
Bill Chambers to third
Alberto Enríquez to second
Pinch Hitting: RHB Abílio Conceio 0-0: Ball
1-0: Foul Ball, location: 2F
1-1: Fly out, F8 (Line Drive, 8LM)
Runner from 3rd tags up, SCORES, throw made
Batting: LHB Ki-tak Im 0-0: Foul Ball, location: 2F
0-1: Foul Ball, location: 2F
0-2: Ball
1-2: Ball
2-2: Ball
3-2: SINGLE (Groundball, 34S) (infield hit)
Alberto Enríquez to third
Batting: RHB Brent Ryan 0-0: Ball
1-0: Ball
2-0: Called Strike
2-1: SINGLE (Groundball, 6S) (infield hit)
Alberto Enríquez scores
Ki-tak Im to second
Pitching: RHP Jackson Haines
Batting: RHB Terry Armstrong 0-0: Called Strike
0-1: Ball
1-1: Ball
2-1: Swinging Strike
2-2: Ball
3-2: Base on Balls
Ki-tak Im to third
Brent Ryan to second
Batting: RHB Karl Schultz 0-0: Ball
1-0: Foul Ball, location: 2F
1-1: Swinging Strike
1-2: Strikes out swinging
Bottom of the 9th over - 2 run(s), 3 hit(s), 0 error(s), 3 left on base; Wizarding 3 - Boston 3
TOP OF THE 10TH
Wizarding Express batting - Pitching for Boston Patriots : LHP Eugene Clarkston
Pitching: LHP Jesús Caldero
Now at 1B: Abílio Conceio
Batting: RHB Cole Shaffer 0-0: Called Strike
0-1: Ball
1-1: Swinging Strike
1-2: Ball
2-2: Strikes out looking
Batting: LHB Nathan Tanner 0-0: Ball
1-0: Ground out 4-3 (Groundball, 4)
Pinch Hitting: RHB Steve Dunn 0-0: Ball
1-0: Fly out, F8 (Flyball, 8RD)
Top of the 10th over - 0 run(s), 0 hit(s), 0 error(s), 0 left on base; Wizarding 3 - Boston 3
BOTTOM OF THE 10TH
Boston Patriots batting - Pitching for Wizarding Express : RHP Jackson Haines
Now in LF: Ken Watanabe
Batting: LHB Timmy Appeldoorn 0-0: Ball
1-0: Ball
2-0: Swinging Strike
2-1: SOLO HOME RUN (Flyball, 89XD), Distance : 406 ft
Monday, March 20th, 2017 - OOTP Baseball 17.12 Build 75